 Dungeon Crawl Stone Soup version 0.30-a0-567-gf7fd966b4a (webtiles) character file.

Game seed: 18361724462143255957

6032 gruber the Frost Mage (level 10, 0/76 HPs)
             Began as a Gnoll Ice Elementalist on Dec 28, 2022.
             Was an Initiate of Gozag.
             Slain by Urug
             ... wielding a +0 heavy great mace
              (30 damage)
             ... on level 10 of the Dungeon.
             The game lasted 00:12:43 (9704 turns).

gruber the Frost Mage (Gnoll Ice Elementalist)      Turns: 9704, Time: 00:12:43

Health: 0/76       AC: 17    Str:  7    XL:     10   Next: 86%
Magic:  1/21       EV: 14    Int: 20    God:    Gozag
Gold:   808        SH: 10    Dex: 12    Spells: 13/24 levels left

rFire   + . .      SeeInvis .    r - +6 hand axe
rCold   + . .      Faith    .    t - +0 buckler
rNeg    . . .      Spirit   .    m - +0 steam dragon scales
rPois   .          Reflect  +    O - +2 hat
rElec   .          Harm     .    (no cloak)
rCorr   .          Rampage  .    (no gloves)
Will    .....                    q - +0 pair of boots
Stlth   +++                      w - amulet of reflection
HPRegen 0.32/turn                C - ring of protection from cold
MPRegen 0.17/turn                R - ring of protection from fire

@: ice-armoured
A: fangs 1, strong nose, distributed training
a: Renounce Religion, Potion Petition, Call Merchant, Bribe Branch


You were on level 10 of the Dungeon.
You worshipped Gozag.
Gozag was pleased with you.
You visited 2 branches of the dungeon, and saw 11 of its levels.
You also visited: Sewer.

You collected 1516 gold pieces.
You paid 708 gold pieces to Gozag.

Inventory:

Hand Weapons
 j - a +0 sling
 r - a +6 hand axe (weapon)
Missiles
 K - 2 throwing nets
Armour
 m - +0 steam dragon scales (worn)
 q - a +0 pair of boots (worn)
 t - a +0 buckler (worn)
 O - a +2 hat (worn)
Jewellery
 w - an amulet of reflection (around neck)
 x - an amulet of regeneration
 C - a ring of protection from cold (left hand)
 G - a ring of protection from cold
 L - an amulet of guardian spirit
 Q - a ring of see invisible
 R - a ring of protection from fire (right hand)
Wands
 f - a wand of digging (7)
 p - a wand of paralysis (12)
 u - a wand of polymorph (15)
 N - a wand of iceblast (26)
 S - a wand of acid (4)
Scrolls
 e - a scroll of enchant armour {unknown}
 g - 3 scrolls of poison {unknown}
 h - 3 scrolls of vulnerability {unknown}
 n - 3 scrolls of butterflies {unknown}
 o - 2 scrolls of blinking {unknown}
 s - 3 scrolls of torment {unknown}
 v - 3 scrolls of brand weapon {unknown}
 y - 2 scrolls of noise {unknown}
 A - 5 scrolls of teleportation {unknown}
 B - a scroll of amnesia {unknown}
 E - a scroll of acquirement {unknown}
 F - a scroll of silence {unknown}
 I - 2 scrolls of immolation {unknown}
 J - 2 scrolls of fear {unknown}
 M - 3 scrolls of enchant weapon {unknown}
Potions
 a - a potion of lignification
 b - 2 potions of magic
 c - 2 potions of heal wounds
 d - 4 potions of haste
 i - 8 potions of curing
 k - 2 potions of brilliance
 l - 7 potions of attraction
 z - 3 potions of invisibility
 D - 2 potions of flight
 H - 2 potions of degeneration {unknown}
 P - a potion of cancellation {unknown}


   Skills:
 + Level 5.9 Fighting
 + Level 5.9 Short Blades
 + Level 5.9 Long Blades
 + Level 5.9 Axes
 + Level 5.9 Maces & Flails
 + Level 5.9 Polearms
 + Level 5.9 Staves
 + Level 5.9 Ranged Weapons
 + Level 5.9 Throwing
 + Level 5.9 Armour
 + Level 7.5 Dodging
 + Level 7.3 Stealth
 + Level 5.9 Shields
 + Level 5.9 Unarmed Combat
 + Level 7.8 Spellcasting
 + Level 4.8 Conjurations
 + Level 4.8 Hexes
 + Level 4.8 Summonings
 + Level 4.8 Necromancy
 + Level 4.8 Translocations
 + Level 4.8 Transmutations
 + Level 4.8 Fire Magic
 + Level 8.7 Ice Magic
 + Level 4.8 Air Magic
 + Level 4.8 Earth Magic
 + Level 4.8 Poison Magic
 + Level 6.4 Invocations
 + Level 5.9 Evocations


You had 13 spell levels left.
You knew the following spells:

 Your Spells              Type           Power      Damage    Failure   Level
a - Freeze                Ice            100%       1d10      1%          1
b - Frozen Ramparts       Ice            84%        1d13      1%          3
c - Ozocubu's Armour      Ice            42%        N/A       1%          3
d - Olgreb's Toxic Radia  Pois           27%        N/A       14%         4

Your spell library contained the following spells:

 Spells                   Type           Power      Damage    Failure   Level
 Sting                    Tmut/Pois      100%       1d8       1%          1
 Poisonous Vapours        Pois/Air       54%        N/A       2%          2
 Gell's Gravitas          Tloc           27%        N/A       4%          3
 Teleport Other           Tloc           27%        N/A       4%          3
 Ice Form                 Ice/Tmut       35%        N/A       7%          4
 Summon Ice Beast         Ice/Summ       35%        N/A       7%          4
 Leda's Liquefaction      Hex/Erth       13%        N/A       14%         4
 Lee's Rapid Deconstruct  Erth           13%        3d9*      38%         5
 Dispersal                Tloc           13%        N/A       92%         6
 Statue Form              Tmut/Erth      18%        N/A       92%         6


Dungeon Overview and Level Annotations

Branches:
Dungeon (10/15)            Temple (1/1) D:4            Lair (0/5) D:8
  Sewer (visited)
    Orc: D:9-12

Altars:
Ashenzari
Elyvilon
Fedhas
Gozag
Kikubaaqudgha
Makhleb
Xom
Yredelemnul
Zin
The Shining One

Shops:
D:2 ?   D:3 ?

Annotations:
D:10 2 transporters, Urug


Innate Abilities, Weirdness & Mutations

You have very sharp teeth.
Your uncanny sense of smell can sniff out nearby items.
Your experience applies equally to all skills.


Message History

Unknown command.
Unknown command.
Casting: Olgreb's Toxic Radiance (dangerous; 14% risk of failure)
Confirm with . or Enter, or press ? or * to list all spells.
You don't have enough magic to cast this spell.
Unknown command.
Unknown command.
Casting: Olgreb's Toxic Radiance (dangerous; 14% risk of failure)
Confirm with . or Enter, or press ? or * to list all spells.
Aiming: Freeze (safe; 1% risk of failure)
Press: ? - help, Shift-Dir - straight line, f/p - Urug
Aim: Urug, wielding a +0 heavy great mace, wearing a +2 scale mail of cold resistance and quivering javelins (heavily wounded, extremely poisoned)
You freeze Urug.
Urug resists.
Urug is heavily wounded.
Your toxic aura wanes.
You block Urug's attack.
Unknown command.
Casting: Freeze (safe; 1% risk of failure)
Confirm with . or Enter, or press ? or * to list all spells.
Aiming: Freeze (safe; 1% risk of failure)
Press: ? - help, Shift-Dir - straight line, f/p - Urug
Aim: Urug, wielding a +0 heavy great mace, wearing a +2 scale mail of cold resistance and quivering javelins (heavily wounded, extremely poisoned)
You freeze Urug.
Urug resists.
Urug is severely wounded.
Urug hits you with a +0 heavy great mace!
Unknown command.
You hit Urug but do no damage.
Urug is severely wounded.
You hit Urug.
Urug is severely wounded.
Urug closely misses you.
You closely miss Urug. You bite Urug, but do no damage.
Urug is severely wounded.
Urug hits you with a +0 heavy great mace!
You are too injured to fight recklessly!
You barely miss Urug. Your bite misses Urug.
Urug is severely wounded.
Urug hits you with a +0 heavy great mace!!
You die...
Your body crumbles into a pile of gold.

#####.....##+##.########
..#.......#............#
#.#...##..#............#
B©#©©.....#............#
#[#.......#............#
..#...##..#......>.....#
#####.##..#............#
#.. ..#............# #.
#####.@###.### #o.# .#
#... . ##..# # +..# #...
#... #####


You could see Urug (very poisoned).

Vanquished Creatures
  Maggie (D:8)
  A wraith (D:9)
  4 yaks (D:9)
  3 steam dragons
  An acid dragon (D:10)
  6 ice beasts (D:8)
  An orc warrior (D:9)
  A black bear (D:6)
  An ogre (D:6)
  3 centaurs
  3 wolves (D:8)
  3 kobold brigands
  Blork the orc (D:5)
  2 gnoll sergeants
  6 bullfrogs
  A necrophage (D:7)
  2 scorpions (D:4)
  5 wights (D:9)
  11 killer bees (D:9)
  6 howler monkeys
  2 jellies
  6 orc priests
  4 hounds
  A gnoll bouda (D:4)
  A hell rat (Sewer)
  3 iguanas
  9 orc wizards
  22 gnolls
  6 adders
  3 river rats (Sewer)
  A shadow imp (D:5)
  2 white imps
  An ufetubus (D:6)
  2 worms
  2 dart slugs
  16 orcs
  A bat (D:1)
  10 endoplasms
  5 giant cockroaches
  6 goblins
  7 hobgoblins
  6 jackals
  6 quokkas
  5 ball pythons
  2 frilled lizards
  23 kobolds
  7 rats
221 creatures vanquished.

Vanquished Creatures (others)
  A rime drake (D:8)
1 creature vanquished.

Grand Total: 222 creatures vanquished

Notes
Turn   | Place    | Note
-------+----------+-------------------------------------------
     0 | D:1      | gruber the Gnoll Ice Elementalist began the quest for the
                  | Orb.
     0 | D:1      | Reached XP level 1. HP: 13/13 MP: 6/6
   138 | D:1      | Found a faded altar of an unknown god.
   275 | D:1      | Reached XP level 2. HP: 19/19 MP: 7/7
  1131 | D:2      | Found Vitz's Magic Scroll Boutique.
  1187 | D:2      | Reached skill level 5 in Spellcasting
  1187 | D:2      | Reached XP level 3. HP: 21/25 MP: 3/9
  1188 | D:2      | Reached skill level 1 in Invocations
  1192 | D:2      | Learned a level 3 spell: Frozen Ramparts
  1196 | D:2      | Learned a level 3 spell: Ozocubu's Armour
  1474 | D:2      | Reached skill level 1 in Fighting
  1474 | D:2      | Reached skill level 1 in Short Blades
  1474 | D:2      | Reached skill level 1 in Long Blades
  1474 | D:2      | Reached skill level 1 in Axes
  1474 | D:2      | Reached skill level 1 in Maces & Flails
  1474 | D:2      | Reached skill level 1 in Polearms
  1474 | D:2      | Reached skill level 1 in Staves
  1474 | D:2      | Reached skill level 1 in Ranged Weapons
  1474 | D:2      | Reached skill level 1 in Throwing
  1474 | D:2      | Reached skill level 1 in Armour
  1474 | D:2      | Reached skill level 1 in Shields
  1474 | D:2      | Reached skill level 1 in Unarmed Combat
  1474 | D:2      | Reached skill level 1 in Evocations
  1572 | D:2      | Found a shimmering altar of Xom.
  1596 | D:2      | Reached XP level 4. HP: 31/32 MP: 7/11
  1626 | D:2      | Reached skill level 1 in Conjurations
  1626 | D:2      | Reached skill level 1 in Hexes
  1626 | D:2      | Reached skill level 1 in Summonings
  1626 | D:2      | Reached skill level 1 in Necromancy
  1626 | D:2      | Reached skill level 1 in Translocations
  1626 | D:2      | Reached skill level 1 in Transmutations
  1626 | D:2      | Reached skill level 1 in Fire Magic
  1626 | D:2      | Reached skill level 1 in Air Magic
  1626 | D:2      | Reached skill level 1 in Earth Magic
  1626 | D:2      | Reached skill level 1 in Poison Magic
  1924 | D:3      | Found Bing's Magic Scroll Shoppe.
  2292 | D:3      | Reached XP level 5. HP: 37/37 MP: 12/12
  2501 | D:4      | Reached XP level 6. HP: 34/44 MP: 2/13
  2599 | D:4      | Found a glowing drain.
  2616 | Sewer    | Entered a sewer
  2625 | Sewer    | Reached skill level 5 in Dodging
  2959 | D:4      | Reached XP level 7. HP: 11/51 MP: 7/15
  3228 | D:4      | Found a staircase to the Ecumenical Temple.
  3235 | Temple   | Entered the Ecumenical Temple
  3247 | Temple   | Became a worshipper of Gozag Ym Sagoz the Greedy
  3470 | D:4      | Found a glowing golden altar of the Shining One.
  3479 | D:4      | Found a white marble altar of Elyvilon.
  3627 | D:5      | Entered Level 5 of the Dungeon
  3862 | D:5      | Noticed Blork the orc
  3869 | D:5      | Killed Blork the orc
  3871 | D:5      | Reached skill level 5 in Stealth
  4787 | D:6      | Reached XP level 8. HP: 58/58 MP: 10/16
  6273 | D:6      | Learned a level 4 spell: Olgreb's Toxic Radiance
  6506 | D:7      | Reached XP level 9. HP: 64/65 MP: 18/18
  6628 | D:7      | Reached skill level 8 in Ice Magic
  7340 | D:8      | Noticed a rime drake
  7357 | D:8      | Killed a rime drake
  7358 | D:8      | Reached skill level 5 in Invocations
  7434 | D:8      | Reached skill level 5 in Fighting
  7434 | D:8      | Reached skill level 5 in Short Blades
  7434 | D:8      | Reached skill level 5 in Long Blades
  7434 | D:8      | Reached skill level 5 in Axes
  7434 | D:8      | Reached skill level 5 in Maces & Flails
  7434 | D:8      | Reached skill level 5 in Polearms
  7434 | D:8      | Reached skill level 5 in Staves
  7434 | D:8      | Reached skill level 5 in Ranged Weapons
  7434 | D:8      | Reached skill level 5 in Throwing
  7434 | D:8      | Reached skill level 5 in Armour
  7434 | D:8      | Reached skill level 5 in Shields
  7434 | D:8      | Reached skill level 5 in Unarmed Combat
  7434 | D:8      | Reached skill level 5 in Evocations
  7434 | D:8      | Reached XP level 10. HP: 54/74 MP: 15/20
  7615 | D:8      | Noticed Maggie
  7626 | D:8      | Killed Maggie
  7792 | D:8      | Found a staircase to the Lair.
  8020 | D:8      | Found a shimmering altar of Xom.
  8026 | D:8      | Found a shimmering altar of Xom.
  8027 | D:8      | Found a shimmering altar of Xom.
  8027 | D:8      | Found a shimmering altar of Xom.
  8775 | D:9      | Found a burning altar of Makhleb.
  9505 | D:10     | Entered Level 10 of the Dungeon
  9582 | D:10     | Found a transporter.
  9583 | D:10     | Found a transporter.
  9583 | D:10     | Noticed a boulder beetle
  9682 | D:10     | Noticed Urug
  9704 | D:10     | Slain by Urug

Illustrated notes

Levels and vault maps discovered:
D:1:      zaba_arrival_water, layout_basic, chequers_ecumenical_altar_island,
          nrook_uturn, nicolae_titane
D:2:      layout_rooms, basic_altar, serial_shops,
          nicolae_shop_advertising_works [nicolae_subvault_shop_adworks],
          uniq_robin
D:3:      layout_basic, serial_shops, shop
D:4:      layout_basic, mainiacjoe_overflow_swirl,
          minmay_temple_entry_enclosed_plants, cheibrodos_sewer_entry_drain,
          grunt_ministairs_13
D:5:      layout_basic, solitary_fountain, uniq_blork_the_orc
D:6:      layout_cave_pods
D:7:      layout_rooms, minmay_holes, hangedman_abyss_or_decor_stabs
D:8:      layout_gridville, xom_redecorated, hellmonk_lair_entry_icy,
          uniq_maggie
D:9:      layout_rooms, lightli_temple_of_fire, minmay_misc_feat_encased,
          corner_web_ring
D:10:     gammafunk_boulding_lane, layout_stronghold,
          chequers_temple_overflow_minitemple, enter_bailey_3, uniq_amaemon,
          uniq_snorg, uniq_urug
Temple:   compressed_dpeg_circular_temple

Skill      XL: |  1  2  3  4  5  6  7  8  9 10 |
---------------+-------------------------------+-----
Spellcasting   | 5 6 7 |  7.8
Invocations    | 1 2 3 4 5 6 |  6.4
Fighting       | 1 2 3 5 |  5.9
Short Blades   | 1 2 3 5 |  5.9
Long Blades    | 1 2 3 5 |  5.9
Axes           | 1 2 3 5 |  5.9
Maces & Flails | 1 2 3 5 |  5.9
Polearms       | 1 2 3 5 |  5.9
Staves         | 1 2 3 5 |  5.9
Ranged Weapons | 1 2 3 5 |  5.9
Throwing       | 1 2 3 5 |  5.9
Armour         | 1 2 3 5 |  5.9
Shields        | 1 2 3 5 |  5.9
Unarmed Combat | 1 2 3 5 |  5.9
Evocations     | 1 2 3 5 |  5.9
Conjurations   | 1 2 3 4 |  4.8
Hexes          | 1 2 3 4 |  4.8
Summonings     | 1 2 3 4 |  4.8
Necromancy     | 1 2 3 4 |  4.8
Translocations | 1 2 3 4 |  4.8
Transmutations | 1 2 3 4 |  4.8
Fire Magic     | 1 2 3 4 |  4.8
Air Magic      | 1 2 3 4 |  4.8
Earth Magic    | 1 2 3 4 |  4.8
Poison Magic   | 1 2 3 4 |  4.8
Dodging        | 5 6 7 |  7.5
Stealth        | 5 6 7 |  7.3
Ice Magic      | 8 |  8.7

Action                   |  1- 3 |  4- 6 |  7- 9 | 10-12 || total
-------------------------+-------+-------+-------+-------++-------
Melee: Short sword       |    27 |       |       |       ||    27
       Bite              |     3 |       |    24 |    14 ||    41
       Punch             |     2 |       |       |       ||     2
       Hand axe          |       |       |   192 |   100 ||   292
 Fire: Sling             |    50 |   142 |    28 |       ||   220
 Cast: Freeze            |    15 |    13 |    12 |    17 ||    57
       Frozen Ramparts   |     3 |    16 |    17 |    16 ||    52
       Ozocubu's Armour  |       |     4 |    14 |    11 ||    29
       Olgreb's Toxic Ra |       |       |       |     7 ||     7
Invok: Potion Petition   |       |       |     2 |       ||     2
  Use: Scroll            |       |       |     7 |       ||     7
       Potion            |       |       |     1 |       ||     1
 Stab: Sleeping          |     5 |       |     1 |       ||     6
       Distracted        |       |       |     2 |       ||     2
Armor: Robe              |     7 |    12 |    11 |       ||    30
       Leather armour    |       |       |    38 |     6 ||    44
       Steam dragon scal |       |       |       |    29 ||    29
Dodge: Dodged            |    37 |    39 |   123 |    50 ||   249
Block: Buckler           |       |       |   114 |    62 ||   176
       Reflection        |       |       |     9 |     2 ||    11

Table legend: (Time is in decaauts)
 A = Elapsed time spent in this place.
 B = Non-inter-level travel time spent in this place.
 C = Inter-level travel time spent in this place.
 D = Time resting spent in this place.
 E = Time spent auto-exploring this place.
 F = Levels seen in this place.
 G = Mean time per level.
                   A        B        C        D        E       F      G
               +--------+--------+--------+--------+--------+-----+--------+
         Total |   9838 |   9486 |    352 |     72 |   7804 |  12 |  819.8 |
       Dungeon |   9602 |   9261 |    341 |     72 |   7636 |  10 |  960.2 |
        Temple |     22 |     12 |     10 |      0 |      6 |   1 |   22.0 |
         Sewer |    213 |    213 |      0 |      0 |    162 |   1 |  213.0 |
               +--------+--------+--------+--------+--------+-----+--------+

Top non-repeatable levels by time:
     D:6: 1520 daAuts
     D:5: 1157 daAuts
     D:1: 1132 daAuts
     D:9: 1100 daAuts
     D:8: 1091 daAuts
     D:4: 1067 daAuts
     D:7: 1056 daAuts
     D:2: 714 daAuts
     D:3: 561 daAuts
   Sewer: 213 daAuts
    D:10: 199 daAuts
  Temple: 22 daAuts
